 Dungeon Crawl Stone Soup version 0.21.0 (webtiles) character file.

2 tidbits the Digger (level 1, 0/13 HPs)
             Began as a Barachi Earth Elementalist on Jan 6, 2018.
             Slain by a leopard gecko (3 damage)
             ... on level 1 of the Dungeon.
             The game lasted 00:00:37 (37 turns).

tidbits the Digger (Barachi Earth Elementalist)       Turns: 37, Time: 00:00:37

Health: 0/13       AC:  2    Str:  9    XL:     1   Next: 30%
Magic:  0/3        EV: 12    Int: 15    God:
Gold:   0          SH:  0    Dex: 12    Spells: 3/4 levels left

rFire    . . .     SeeInvis .   (no weapon)
rCold    . . .     Gourm    .   (no shield)
rNeg     . . .     Faith    .   c - +0 robe
rPois    .         Spirit   .   (no helmet)
rElec    .         Reflect  .   (no cloak)
rCorr    .         Harm     .   (no gloves)
MR       .....                  (no boots)
Stlth    ++........             (no amulet)
HPRegen  0.04/turn              (no ring)
MPRegen  0.08/turn              (no ring)

@: slow
A: +LOS, swims, slowness 1, strong legs 1
a: Hop


You were on level 1 of the Dungeon.
You were not hungry.

You visited 1 branch of the dungeon, and saw 1 of its levels.

Inventory:

Missiles
 b - 25 stones (quivered)
Armour
 c - a +0 robe (worn)
Books
 e - a book of Geomancy

   Spells                             Type                      Level
   a - Sandblast                      Earth                        1
   b - Passwall                       Transmutation/Earth          2
   c - Stone Arrow                    Conjuration/Earth            3
   d - Petrify                        Transmutation/Earth          4
   e - Lee's Rapid Deconstruction     Earth                        5
Comestibles
 d - a ration


   Skills:
 - Level 2.1 Dodging
 - Level 1.7 Stealth
 - Level 2.1 Spellcasting
   Level 1.1 Transmutations
 + Level 3.1 Earth Magic


You had 3 spell levels left.
You knew the following spells:

 Your Spells              Type           Power        Failure   Level  Hunger
a - Sandblast             Erth           ##....       6%          1    #......


Dungeon Overview and Level Annotations

Branches:
Dungeon (1/15)

Altars:


Innate Abilities, Weirdness & Mutations

Shadows flee at your approach. (+LOS)
You can swim through water.
You cover ground slowly.
You can hop short distances.


Message History

Welcome, tidbits the Barachi Earth Elementalist.
The bosom of this dungeon contains the fabled artefact, the Orb of Zot.
Press ? for a list of commands and other information.
Found a staircase leading out of the dungeon.
A rat comes into view.
Adjust (i)tems, (s)pells, or (a)bilities?
Adjust which spell? z - Sandblast Adjust to which letter? a - Sandblast
Casting: Sandblast
Confirm with . or Enter, or press ? or * to list all spells.
Aiming: Sandblast
Press: ? - help, Shift-Dir - straight line, f - rat
Aim: a rat The blast of sand hits the rat.
You kill the rat!
b - 29 stones A leopard gecko and a goblin come into view.
The goblin is wielding a dagger of distortion.
The leopard gecko hisses angrily.
The goblin shouts!
The goblin moves out of view.
Casting: Sandblast
Confirm with . or Enter, or press ? or * to list all spells.
Aiming: Sandblast
Press: ? - help, Shift-Dir - straight line, f - leopard gecko
Aim: a leopard gecko (clinging)
The blast of sand misses the leopard gecko.
b - 28 stones The leopard gecko closely misses you.
Casting: Sandblast
Confirm with . or Enter, or press ? or * to list all spells.
Aiming: Sandblast
Press: ? - help, Shift-Dir - straight line, f/p - leopard gecko
Aim: a leopard gecko (clinging)
The blast of sand hits the leopard gecko.
The leopard gecko is heavily wounded.
b - 27 stones The leopard gecko misses you.
The leopard gecko completely misses you.
The leopard gecko barely misses you.
A bat and a dart slug come into view.
The leopard gecko closely misses you.
The dart slug moves out of view.
A kobold comes into view. It is wielding a whip.
The bat hits you. The bat barely misses you.
The leopard gecko completely misses you.
The kobold shouts!
The bat hits you.
Found a ration.
The bat hits you. The dart slug launches a dart at you. The slug dart hits you!
The leopard gecko bites you.
* * * LOW HITPOINT WARNING * * *
The kobold throws a stone.
The stone hits you.
* * * LOW HITPOINT WARNING * * *
The leopard gecko hisses menacingly.
You see here a stone.
The bat barely misses you. The bat closely misses you.
The bat hits you but does no damage. The bat closely misses you.
The bat closely misses you. The bat hits you but does no damage.
Casting: Sandblast
Confirm with . or Enter, or press ? or * to list all spells.
Aiming: Sandblast
Press: ? - help, Shift-Dir - straight line, f/p - leopard gecko
Aim: a leopard gecko (moderately wounded, clinging)
The blast of sand hits the bat.
You kill the bat!
b - 26 stones
Casting: Sandblast
Confirm with . or Enter, or press ? or * to list all spells.
Aiming: Sandblast
Press: ? - help, Shift-Dir - straight line, f/p - leopard gecko
Aim: a leopard gecko (moderately wounded, clinging)
The blast of sand hits the leopard gecko.
The leopard gecko is severely wounded.
b - 25 stones The leopard gecko barely misses you.
The leopard gecko barely misses you. The leopard gecko misses you.
The leopard gecko bites you.
You die...

#.........##..#
##.........###.#
.........g..#†#
#.###...#######.#w#
......#.....#.#g#
.#.###..l#.##....#K#
.........#.#..<..#.#
##.###.##g.#....##K#
# #..#.#..@l.#
##.#.####### ..#.
####


You could see a leopard gecko and a kobold.

Vanquished Creatures
  A bat (D:1)
  A rat (D:1)
2 creatures vanquished.

Notes
Turn   | Place    | Note
-------+----------+-------------------------------------------
     0 | D:1      | tidbits the Barachi Earth Elementalist began the quest for the Orb.
     0 | D:1      | Reached XP level 1. HP: 13/13 MP: 3/3
    37 | D:1      | Slain by a leopard gecko

Action                   || total
-------------------------++-------
 Cast: Sandblast         ||     5
Armor: Robe              ||     2
Dodge: Dodged            ||    14

Table legend:
 A = Turns spent in this place as a percentage of turns spent in the entire game.
 B = Non-inter-level travel turns spent in this place as a percentage of non-inter-level travel turns spent in the entire game.
 C = Inter-level travel turns spent in this place as a percentage of turns spent in this place.
 D = Turns resting spent in this place as a percentage of non-inter-level travel turns spent in this place.
 E = Turns spent auto-exploring this place as a percentage of non-inter-level travel turns spent in this place.
 F = Non-inter-level travel turns spent in this place divided by the number of levels of this place that you've seen.
                   A       B       C       D       E      F
               +-------+-------+-------+-------+-------+----------------------
         Total | 100.0 | 100.0 |   0.0 |   0.0 |   0.0 |  37.0
       Dungeon | 100.0 | 100.0 |   0.0 |   0.0 |   0.0 |  37.0
               +-------+-------+-------+-------+-------+----------------------

Table legend:
 A = Kills in this place as a percentage of kills in entire the game.
 B = Kills by you in this place as a percentage of kills by you in the entire game.
 C = Kills by friends in this place as a percentage of kills by friends in the entire game.
 D = Other kills in this place as a percentage of other kills in the entire game.
 E = Experience gained in this place as a percentage of experience gained in the entire game.
 F = Experience gained in this place divided by the number of levels of this place that you have seen.
                   A       B       C       D       E      F
               +-------+-------+-------+-------+-------+----------------------
         Total | 100.0 | 100.0 |   N/A |   N/A | 100.0 |   3.0
       Dungeon | 100.0 | 100.0 |   N/A |   N/A | 100.0 |   3.0
               +-------+-------+-------+-------+-------+----------------------

Vault maps used:
D:1:      saegor_arrival_simple_f
